 Seeded DCSS version 0.27-a0-988-g25969acef8 (webtiles) character file.

Game seed: 12246631163096203030 (custom seed)

27263 flotson the Cleaver (level 13, -2/97 (101) HPs)
             Began as a Demonspawn Gladiator on Apr 16, 2021.
             Was a High Priest of Fedhas.
             Slain by an orc warlord
             ... wielding a +0 battleaxe
              (30 damage)
             ... on level 9 of the Dungeon.
             The game lasted 01:01:15 (14178 turns).

flotson the Cleaver (Demonspawn Gladiator)         Turns: 14178, Time: 01:01:16

HP:   -2/97 (101)   AC: 22    Str: 24    XL:     13   Next: 3%
MP:   21/21         EV: 13    Int: 14    God:    Fedhas [*****.]
Gold: 576           SH:  9    Dex: 21    Spells: 12/12 levels left

rFire    + + +     SeeInvis .   a - +0 broad axe
rCold    . . .     Faith    +   r - +2 buckler of Lies {rF+ rN++ Dex-3}
rNeg     + + .     Spirit   .   c - +5 ring mail of Guev {rF+++ Int-3 Dex+9 Stlth-}
rPois    .         Reflect  .   u - +0 helmet
rElec    .         Harm     .   Q - +1 cloak
rCorr    .         Rampage  .   o - +0 pair of gloves {Stlth+}
Will     .....                  w - +1 pair of boots
Stlth    +.........             g - amulet of faith
HPRegen  0.26/turn              A - +6 ring of strength
MPRegen  0.17/turn              K - +4 ring of protection

@: lightly drained
A: ignite blood 1, powered by pain 1, big brain 3
a: Renounce Religion, Wall of Briars, Grow Ballistomycete, Overgrow, Grow Oklob


You were on level 9 of the Dungeon.
You worshipped Fedhas.
Fedhas was extremely pleased with you.
You visited 3 branches of the dungeon, and saw 16 of its levels.
You also visited: Ossuary and Bailey.

You collected 2126 gold pieces.
You spent 1550 gold pieces at shops.

Inventory:

Hand Weapons
 a - a +0 broad axe (weapon)
 b - a +1 scimitar of flaming
Missiles
 d - 2 throwing nets
 k - 10 boomerangs of dispersal
 n - 31 poisoned darts (quivered)
 z - 59 boomerangs
 S - 8 silver javelins
 Z - 5 silver boomerangs
Armour
 c - the +5 ring mail of Guev (worn) {rF+++ Int-3 Dex+9 Stlth-}
   (You took it off an orc knight in a bailey)

   It affects your intelligence (-3).
   It affects your dexterity (+9).
   It renders you almost immune to fire.
   It makes you less stealthy.
 o - a +0 pair of gloves of stealth (worn)
 r - the +2 buckler of Lies (worn) {rF+ rN++ Dex-3}
   (You bought it in a shop on level 2 of the Orcish Mines)

   It affects your dexterity (-3).
   It protects you from fire.
   It greatly protects you from negative energy.
 u - a +0 helmet (worn)
 w - a +1 pair of boots (worn)
 Q - a +1 cloak (worn)
 Y - a +0 plate armour of poison resistance
Jewellery
 g - an amulet of faith (around neck)
 m - a ring of willpower
 A - a +6 ring of strength (left hand)
 K - a +4 ring of protection (right hand)
 O - a ring of see invisible
 U - a ring of positive energy
Wands
 t - a wand of digging (9)
 y - a wand of paralysis (4)
 C - a wand of mindburst (5)
 D - a wand of flame (28)
Scrolls
 e - 3 scrolls of blinking {unknown}
 h - 3 scrolls of magic mapping {unknown}
 i - 2 scrolls of teleportation
 q - a scroll of immolation {unknown}
 s - 3 scrolls of enchant armour {unknown}
 v - a scroll of silence {unknown}
 L - a scroll of brand weapon {unknown}
 P - 2 scrolls of enchant weapon {unknown}
 T - a scroll of fog {unknown}
 W - 2 scrolls of holy word
 X - 4 scrolls of fear
Potions
 f - 4 potions of heal wounds
 j - 3 potions of lignification
 p - a potion of mutation
 B - a potion of flight
 E - 2 potions of cancellation
 F - 10 potions of curing
 G - 4 potions of haste
 H - 3 potions of attraction
 I - a potion of ambrosia
 J - 2 potions of brilliance
 M - a potion of might
Miscellaneous
 R - a box of beasts (inert)


   Skills:
 + Level 9.4 Fighting
 + Level 11.6 Axes
 + Level 4.7 Throwing
 + Level 7.3 Armour
 - Level 3.0 Dodging
 - Level 7.5 Shields
 + Level 10.8 Invocations
 - Level 6.0 Evocations


You had 12 spell levels left.
You didn't know any spells.
Your spell library contained the following spells:

 Spells                   Type           Power      Damage    Failure   Level
 Animate Skeleton         Necr           0%         N/A       16%         1
 Beastly Appendage        Tmut           0%         N/A       16%         1
 Freeze                   Ice            0%         1d3       16%         1
 Magic Dart               Conj           0%         1d3       16%         1
 Pain                     Necr           0%         1d4       16%         1
 Sandblast                Erth           0%         2d4       16%         1
 Shock                    Conj/Air       0%         1d3       16%         1
 Passwall                 Tmut/Erth      0%         N/A       26%         2
 Searing Ray              Conj           0%         3d3       26%         2
 Static Discharge         Conj/Air       0%         N/A       26%         2
 Wereblood                Tmut           0%         N/A       26%         2
 Dazzling Flash           Conj/Hex       0%         N/A       43%         3
 Frozen Ramparts          Ice            0%         1d2       43%         3
 Ozocubu's Armour         Ice            0%         N/A       43%         3
 Spider Form              Tmut/Pois      0%         N/A       43%         3
 Stone Arrow              Conj/Erth      0%         3d7       43%         3
 Swiftness                Air            0%         N/A       43%         3
 Vampiric Draining        Necr           0%         2d6       43%         3
 Airstrike                Air            0%         N/A       82%         4
 Animate Dead             Necr           0%         N/A       82%         4
 Fulminant Prism          Conj/Hex       0%         3d6       82%         4
 Hailstorm                Conj/Ice       0%         3d3       82%         4
 Ice Form                 Ice/Tmut       0%         N/A       82%         4
 Iskenderun's Mystic Bla  Conj/Tloc      0%         2d3       82%         4
 Petrify                  Tmut/Erth      0%         N/A       82%         4
 Agony                    Necr           0%         N/A       98%         5
 Hydra Form               Tmut           0%         N/A       98%         5
 Lee's Rapid Deconstruct  Erth           0%         3d5*      98%         5
 Lightning Bolt           Conj/Air       0%         1d11      98%         5
 Metabolic Englaciation   Hex/Ice        0%         N/A       98%         5


Dungeon Overview and Level Annotations

Branches:
Dungeon (13/15)            Temple (1/1) D:4            Lair (0/6) D:10
    Orc (2/2) D:9             Elf (0/3) Orc:2       Ossuary (visited)
 Bailey (visited)
 Vaults: D:13-14

Altars:
Cheibriados
Dithmenos
Fedhas
Gozag
Makhleb
Nemelex Xobeh
Ru
Sif Muna
Uskayaw
Yredelemnul
Zin
The Shining One
Beogh

Shops:
D:1 =   Orc:2 =*[(*


Innate Abilities, Weirdness & Mutations

Your demonic aura sometimes causes spilled blood to erupt in flames You sometimes gain a little power by taking damage.
You have an absolutely massive brain. (Int +6, Wiz)


Message History

Aim: an orc warlord, wielding a +0 arbalest, wearing a +0 chain mail and quivering bolts (74% to hit)
You throw a poisoned dart. The poisoned dart hits the orc warlord!
The orc warlord is poisoned.
The orc warlord shoots a bolt.
The bolt hits you.
Throw: 32 darts (poison)
Press: ? - help, Q - select action, (/) - cycle Shift-Dir - straight line, f/p - orc warlord
Aim: an orc warlord, wielding a +0 arbalest, wearing a +0 chain mail and quivering bolts (very poisoned, 74% to hit)
You throw a poisoned dart. The poisoned dart hits the orc warlord!
The orc warlord looks as sick as possible!
The orc warlord shoots a bolt.
The bolt hits you!
The orc warlord shoots a bolt.
The bolt closely misses you.
The orc warlord shoots a bolt.
The bolt hits you!
The orc warlord shoots a bolt.
The bolt closely misses you.
The orc warlord unwields a +0 arbalest.
The orc warlord wields a +0 battleaxe.
The orc warlord hits you with a +0 battleaxe!
You barely miss the orc warlord.
The orc warlord hits you but does no damage.
You hit the orc warlord.
The orc warlord is lightly wounded.
You block the orc warlord's attack.
You hit the orc warlord but do no damage.
You block the orc warlord's attack.
You hit the orc warlord but do no damage.
The orc warlord hits you but does no damage.
You barely miss the orc warlord. The orc warlord closely misses you.
You hit the orc warlord.
The orc warlord is lightly wounded.
You block the orc warlord's attack.
You barely miss the orc warlord.
The orc warlord is lightly wounded.
You block the orc warlord's attack.
You closely miss the orc warlord.
The orc warlord is lightly wounded.
The orc warlord hits you with a +0 battleaxe!!
* * * LOW HITPOINT WARNING * * *
You slash the orc warlord!
The orc warlord is lightly wounded.
The orc warlord hits you with a +0 battleaxe!!
You die...
Fedhas appreciates your contribution to the ecosystem.

####........#....#...)..#
#.........###....#..[...#
#.........#.....##o.....#
#........)#.....#........
#.........'.....#........
#.........#.....#...#####
#.........#.....#...#
#......○.##.....#...#
#.......@#.!.####...#
#######o.#...#......#
#..#.(.#......#####
#..#####...........
#..................
#......#####.......
#......#...#.......
##.....#...#.......
#.....#...####'#..


You could see an orc warlord (very poisoned).

Vanquished Creatures
  An ogre mage (D:10)
  A hydra (D:10)
  A boulder beetle (D:10)
  5 two-headed ogres
  4 orc high priests
  A skeletal warrior (D:10)
  Pikel (D:8)
  A manticore (D:7)
  3 orc sorcerers
  7 orc knights
  Joseph (D:9)
  A komodo dragon (D:10)
  An efreet (D:10)
  An unseen horror (shapeshifter) (D:10)
  3 trolls
  A hornet (D:7)
  3 slime creatures (D:13)
  A wyvern (D:8)
  7 yaks (D:10)
  3 steam dragons
  Eustachio (D:6)
  5 wargs
  2 water moccasins
  An acid dragon (D:10)
  41 orc warriors
  A sky beast (D:6)
  A black bear (D:6)
  6 ogres
  A phantom (D:5)
  4 centaurs
  3 kobold brigands
  A bullfrog (D:7)
  7 water moccasin zombies (Ossuary)
  A water moccasin skeleton (D:7)
  9 killer bees
  8 wights
  2 howler monkeys
  3 centaur zombies
  Crazy Yiuf (D:2)
  A hound (D:6)
  17 orc priests
  3 jellies
  2 centaur skeletons
  A bullfrog skeleton (D:6)
  4 iguanas
  A scorpion zombie (D:5)
  Ijyb (D:4)
  39 orc wizards
  2 mummies (Ossuary)
  Robin (D:4)
  4 gnolls
  3 adders
  A white imp (D:7)
  3 ufetubi
  2 adder skeletons (D:4)
  7 adder zombies (Ossuary)
  4 worms
  A dart slug (D:2)
  79 orcs
  10 ball pythons
  11 endoplasms
  A giant cockroach (D:2)
  5 gnoll zombies (Ossuary)
  15 goblins
  5 hobgoblins
  7 jackals
  9 quokkas
  A bat (D:3)
  4 frilled lizards
  A goblin zombie (D:6)
  7 hobgoblin zombies (Ossuary)
  27 kobolds
  8 orc zombies (Ossuary)
  4 rats
  A rat zombie (D:6)
  A ballistomycete spore (D:9)
438 creatures vanquished.

Vanquished Creatures (collateral kills)
  An orc wizard (D:9)
  2 orcs (Orc:2)
  17 ballistomycete spores
20 creatures vanquished.

Vanquished Creatures (others)
  An orc wizard (Orc:2)
  A ballistomycete spore (D:10)
  65 plants
67 creatures vanquished.

Grand Total: 525 creatures vanquished

Notes
Turn   | Place    | Note
-------+----------+-------------------------------------------
     0 | D:1      | flotson the Demonspawn Gladiator began the quest for the
                  | Orb.
     0 | D:1      | Reached XP level 1. HP: 16/16 MP: 1/1
   207 | D:1      | Found Xoerehik's Jewellery Shop.
   214 | D:1      | Gained mutation: You have an unusually large brain. (Int
                  | +2) [demonic ancestry]
   214 | D:1      | Reached XP level 2. HP: 13/22 MP: 2/2
   476 | D:1      | Reached skill level 3 in Axes
  1256 | D:2      | Reached XP level 3. HP: 28/28 MP: 3/3
  1514 | D:2      | Reached XP level 4. HP: 34/34 MP: 4/4
  1533 | D:2      | Reached skill level 4 in Axes
  2223 | D:2      | Found a runed translucent door.
  2224 | D:2      | Noticed Crazy Yiuf
  2283 | D:2      | Killed Crazy Yiuf
  2284 | D:2      | Reached XP level 5. HP: 4/41 MP: 5/5
  3298 | D:4      | Found a staircase to the Ecumenical Temple.
  3307 | Temple   | Entered the Ecumenical Temple
  3314 | Temple   | Became a worshipper of Fedhas Madash
  3342 | D:4      | Noticed Robin
  3424 | D:4      | Killed Robin
  3425 | D:4      | Reached skill level 5 in Axes
  3503 | D:4      | Reached * piety under Fedhas
  3640 | D:4      | Reached XP level 6. HP: 40/48 MP: 6/6
  4212 | D:4      | Noticed Ijyb
  4220 | D:4      | Killed Ijyb
  4498 | D:5      | Entered Level 5 of the Dungeon
  4635 | D:5      | Reached skill level 6 in Axes
  4635 | D:5      | Reached skill level 1 in Invocations
  4635 | D:5      | Gained mutation: You have an extremely huge brain. (Int +4)
                  | [demonic ancestry]
  4635 | D:5      | Reached XP level 7. HP: 55/55 MP: 7/7
  4703 | D:5      | Reached skill level 1 in Shields
  4703 | D:5      | Reached skill level 1 in Evocations
  4754 | D:5      | Reached skill level 1 in Armour
  4765 | D:5      | Reached ** piety under Fedhas
  5414 | D:6      | Gained mutation: Your demonic aura sometimes causes spilled
                  | blood to erupt in flames [demonic ancestry]
  5414 | D:6      | Reached XP level 8. HP: 13/61 MP: 9/9
  5444 | D:6      | Reached skill level 5 in Fighting
  5464 | D:6      | Noticed Eustachio
  5470 | D:6      | Found a sand-covered staircase.
  5477 | Ossuary  | Entered an ossuary
  5526 | Ossuary  | Reached skill level 7 in Axes
  5703 | Ossuary  | Reached *** piety under Fedhas
  5788 | D:6      | Killed Eustachio
  5837 | D:6      | Found an opulent altar of Gozag.
  5890 | D:6      | Gained mutation: You sometimes gain a little power by
                  | taking damage. [demonic ancestry]
  5890 | D:6      | Reached XP level 9. HP: 63/68 MP: 12/12
  6301 | D:7      | Noticed a manticore
  6308 | D:7      | Killed a manticore
  6400 | D:7      | Reached skill level 5 in Invocations
  6473 | D:7      | Reached skill level 8 in Axes
  6687 | D:7      | Paralysed by a hornet for 2 turns
  6689 | D:7      | Paralysed by a hornet for 1 turns
  7296 | D:8      | Noticed Pikel
  7304 | D:8      | Killed Pikel
  7363 | D:8      | Reached **** piety under Fedhas
  7400 | D:8      | Reached XP level 10. HP: 77/77 MP: 14/14
  7521 | D:8      | Noticed a two-headed ogre
  7964 | D:8      | Killed a two-headed ogre
  7965 | D:8      | Reached skill level 9 in Axes
  8231 | D:9      | Found a staircase to the Orcish Mines.
  8240 | D:9      | Reached skill level 5 in Evocations
  8299 | D:9      | Noticed a two-headed ogre
  8308 | D:9      | Killed a two-headed ogre
  8432 | D:9      | Noticed a two-headed ogre
  8437 | D:9      | Killed a two-headed ogre
  8438 | D:9      | Reached skill level 5 in Shields
  8481 | D:9      | Reached skill level 5 in Armour
  8769 | D:9      | Noticed Joseph
  8784 | D:9      | Killed Joseph
  8785 | D:9      | Reached XP level 11. HP: 50/83 MP: 16/16
  8849 | D:10     | Entered Level 10 of the Dungeon
  9205 | D:10     | You fall into a shaft and drop 3 floors!
  9240 | D:13     | Noticed a two-headed ogre
  9248 | D:13     | Killed a two-headed ogre
  9249 | D:13     | Reached skill level 10 in Axes
  9517 | D:13     | Identified the +1 ring mail of Fallacy {Int+4 Stlth+}
  9524 | D:13     | Noticed a two-headed ogre
  9562 | D:13     | Killed a two-headed ogre
  9587 | D:12     | Noticed a red ugly thing
  9628 | D:11     | Found an opulent altar of Gozag.
  9686 | D:10     | Noticed a skeletal warrior
  9686 | D:10     | Noticed a boulder beetle
  9743 | D:10     | Killed a skeletal warrior
  9932 | D:10     | Killed a boulder beetle
 10264 | D:10     | Found a staircase to the Lair.
 10305 | D:10     | Noticed an ogre mage
 10314 | D:10     | Killed an ogre mage
 10315 | D:10     | Noticed a five-headed hydra
 10347 | D:10     | Killed a five-headed hydra
 10348 | D:10     | Reached XP level 12. HP: 94/94 MP: 11/18
 10826 | Orc:1    | Entered Level 1 of the Orcish Mines
 10916 | Orc:2    | Entered Level 2 of the Orcish Mines
 10916 | Orc:2    | Found Sikynah's Assorted Antiques.
 10971 | Orc:1    | Reached skill level 11 in Axes
 11012 | Orc:1    | Found a flagged portal.
 11021 | Bailey   | Entered a bailey
 11086 | Bailey   | Identified the +5 ring mail of Guev {rF+++ Int-3 Dex+9
                  | Stlth-}
 11181 | Bailey   | Found a bloodstained altar of Trog.
 11337 | Orc:2    | Bought a scroll of identify for 56 gold pieces
 11337 | Orc:2    | Bought a scroll labelled UGIUDD ZELLU for 28 gold pieces
 11337 | Orc:2    | Bought a scroll labelled XINODY GINU for 28 gold pieces
 11337 | Orc:2    | Bought a scroll labelled CIOZUO DUTI for 28 gold pieces
 11374 | Orc:2    | Found a staircase to the Elven Halls.
 11807 | Orc:2    | Paralysed by an orc sorcerer for 4 turns
 11845 | Orc:2    | Noticed an orc high priest
 11853 | Orc:2    | Killed an orc high priest
 11854 | Orc:2    | Reached skill level 10 in Invocations
 11896 | Orc:2    | Noticed an orc high priest
 11897 | Orc:2    | Noticed an orc warlord
 12127 | Orc:2    | Killed an orc high priest
 12183 | Orc:2    | Noticed an orc high priest
 12230 | Orc:1    | Killed an orc high priest
 12521 | Orc:2    | Noticed an orc high priest
 12639 | Orc:1    | Killed an orc high priest
 12957 | Orc:1    | Reached ***** piety under Fedhas
 13144 | Orc:2    | Found Teodd's General Store.
 13145 | Orc:2    | Found Upruzujesk's Jewellery Shoppe.
 13147 | Orc:2    | Found Kuiclucw's Antique Armour Shoppe.
 13147 | Orc:2    | Found Rody's Antique Weapon Emporium.
 13152 | Orc:2    | Bought a pair of runed gloves for 172 gold pieces
 13152 | Orc:2    | Bought a runed cloak for 172 gold pieces
 13181 | Orc:2    | Bought 5 silver javelins for 144 gold pieces
 13181 | Orc:2    | Bought a scroll of fear for 42 gold pieces
 13181 | Orc:2    | Bought a scroll of holy word for 90 gold pieces
 13181 | Orc:2    | Bought a scroll of noise for 12 gold pieces
 13441 | Orc:2    | Gained mutation: You have an absolutely massive brain. (Int
                  | +6, Wiz) [demonic ancestry]
 13441 | Orc:2    | Reached XP level 13. HP: 66/94 MP: 21/21
 13512 | Orc:2    | Bought a pitted buckler for 218 gold pieces
 13512 | Orc:2    | Identified the +2 buckler of Lies {rF+ rN++ Dex-3} (You
                  | bought it in a shop on level 2 of the Orcish Mines)
 13992 | Orc:2    | Bought an amulet of faith for 560 gold pieces
 14178 | D:9      | Slain by an orc warlord

Illustrated notes

Levels and vault maps discovered:
D:1:      kennysheep_arrival_forest, layout_rooms, serial_shops, shop,
          minmay_misc_feat_diagonals, minivault_23, nrook_campfire
D:2:      layout_basic, uniq_crazy_yiuf_cottage
D:3:      layout_loops_ring
D:4:      layout_basic, minmay_temple_entry_tees, serial_bayou,
          serial_bayou_ford_a, serial_bayou_pond_d, serial_bayou_shore_b,
          serial_bayou_lagoon_a, serial_bayou_pond_e, uniq_robin, uniq_ijyb
D:5:      layout_loops_ring, minmay_misc_feat_secret_circle, abandoned_shop,
          kennysheep_generic_room_11
D:6:      layout_rooms, kennysheep_mini_moat, enter_ossuary_4, uniq_eustachio
D:7:      layout_basic
D:8:      minmay_flawed_box, layout_loops_cross, st_stairs_13, uniq_pikel
D:9:      layout_irregular_city, minmay_orc_entry_guard_dogs, uniq_joseph
D:10:     layout_roguey, david_lair_shrubbed, minmay_shattered_shrine
D:11:     layout_rooms, nicolae_gozag_seed_capital
D:12:     layout_irregular_city
D:13:     layout_loops_ring, portal_ice_cave_rime, vehumet_altar_wand_db
Temple:   compressed_dpeg_triangle_lava_temple
Orc:1:    layout_caves, enter_bailey_2
Orc:2:    st_orc_congregation, layout_caves, serial_shops, nicolae_shop_crystal,
          mines2_david

Skill      XL: |  1  2  3  4  5  6  7  8  9 10 11 12 |
---------------+-------------------------------------+-----
Axes           | 3 4 5 6 7 8 9 10 11 | 11.6
Throwing       | 2 4 |  4.7
Dodging        | 3 |  3.0
Fighting       | 3 4 5 6 7 8 9 |  9.4
Invocations    | 1 2 4 6 7 9 10 | 10.8
Shields        | 1 2 4 5 6 7 |  7.5
Evocations     | 1 3 4 5 6 |  6.0
Armour         | 1 2 4 5 6 7 |  7.3

Action                   |  1- 3 |  4- 6 |  7- 9 | 10-12 | 13-15 || total
-------------------------+-------+-------+-------+-------+-------++-------
Melee: War axe           |    36 |       |       |       |       ||    36
       Dagger            |    68 |   107 |   307 |       |       ||   482
       Quarterstaff      |       |   109 |       |       |       ||   109
       Broad axe         |       |       |   116 |   769 |    44 ||   929
Throw: Dart              |    11 |    18 |     7 |    38 |     6 ||    80
       Throwing net      |       |       |     2 |       |       ||     2
       Boomerang         |       |       |       |    86 |     2 ||    88
       Javelin           |       |       |       |     7 |       ||     7
Invok: Grow Ballistomyce |       |       |       |     9 |       ||     9
       Wall of Briars    |       |       |       |    16 |       ||    16
Evoke: Wand              |       |       |    11 |    17 |       ||    28
       Box of beasts     |       |       |       |     1 |       ||     1
  Use: Scroll            |       |       |    12 |     4 |       ||    16
 Stab: Sleeping          |     1 |     3 |       |       |       ||     4
       Paralysed         |       |       |     7 |       |       ||     7
Armor: Leather armour    |    24 |   116 |   163 |       |       ||   303
       Steam dragon scal |       |       |    16 |   221 |       ||   237
       Ring mail         |       |       |       |   112 |    51 ||   163
Dodge: Dodged            |    65 |   212 |   156 |   314 |    38 ||   785
Block: Kite shield       |       |    49 |   191 |   498 |       ||   738
       Buckler           |       |       |       |       |    23 ||    23

Table legend: (Time is in decaauts)
 A = Elapsed time spent in this place.
 B = Non-inter-level travel time spent in this place.
 C = Inter-level travel time spent in this place.
 D = Time resting spent in this place.
 E = Time spent auto-exploring this place.
 F = Levels seen in this place.
 G = Mean time per level.
                   A        B        C        D        E       F      G
               +--------+--------+--------+--------+--------+-----+--------+
         Total |  14683 |  13682 |   1001 |    772 |   8388 |  18 |  815.7 |
       Dungeon |  11116 |  10549 |    567 |    423 |   7289 |  13 |  855.1 |
        Temple |     56 |     49 |      7 |     17 |      0 |   1 |   56.0 |
  Orcish Mines |   2921 |   2494 |    427 |    332 |    897 |   2 | 1460.5 |
       Ossuary |    337 |    337 |      0 |      0 |     89 |   1 |  337.0 |
        Bailey |    252 |    252 |      0 |      0 |    112 |   1 |  252.0 |
               +--------+--------+--------+--------+--------+-----+--------+

Top non-repeatable levels by time:
   Orc:2: 1943 daAuts
    D:10: 1553 daAuts
     D:2: 1545 daAuts
     D:4: 1205 daAuts
     D:1: 1146 daAuts
     D:9: 1071 daAuts
     D:7: 1036 daAuts
   Orc:1: 978 daAuts
     D:5: 908 daAuts
     D:8: 886 daAuts
     D:6: 668 daAuts
     D:3: 624 daAuts
    D:13: 399 daAuts
 Ossuary: 337 daAuts
  Bailey: 252 daAuts
